 Dungeon Crawl Stone Soup version 0.28-a0-265-g048bc9fd10 (webtiles) character file.

Game seed: 8394891348438114879

22 SeanNever the Shield-Bearer (level 2, 0/27 HPs)
             Began as a Minotaur Fighter on Aug 27, 2021.
             Succumbed to a scorpion's poison
             ... on level 4 of the Dungeon.
             The game lasted 00:02:32 (501 turns).

SeanNever the Shield-Bearer (Minotaur Fighter)       Turns: 501, Time: 00:02:33

Health: 0/27       AC:  9    Str: 20    XL:     2   Next: 68%
Magic:  1/1        EV:  5    Int:  5    God:
Gold:   11         SH:  8    Dex:  9    Spells: 1/1 levels left

rFire   . . .      SeeInvis .   a - +0 rapier
rCold   . . .      Faith    .   c - +0 kite shield
rNeg    . . .      Spirit   .   e - +0 chain mail
rPois   .          Reflect  .   (helmet restricted)
rElec   .          Harm     .   (no cloak)
rCorr   .          Rampage  .   (no gloves)
Will    .....                   (no boots)
Stlth   ..........              (no amulet)
HPRegen 0.09/turn               (no ring)
MPRegen 0.07/turn               (no ring)

@: lethally poisoned (0 -> -10)
A: horns 2, retaliatory headbutt
a: no special abilities


You were on level 4 of the Dungeon.
You visited 1 branch of the dungeon, and saw 4 of its levels.

You collected 11 gold pieces.

Inventory:

Hand Weapons
 a - a +0 rapier (weapon)
Armour
 b - a +0 scale mail
 c - a +0 kite shield (worn)
 e - a +0 chain mail (worn)
Scrolls
 i - 2 scrolls of identify {unknown}
Potions
 d - a potion of might
 f - 2 potions of magic {unknown}
 g - a potion of lignification {unknown}
 h - a potion of resistance {unknown}


   Skills:
 + Level 4.0 Fighting
 + Level 2.3 Short Blades
 + Level 3.9 Armour
 + Level 0.2 Dodging
 + Level 4.1 Shields


You had one spell level left.
You didn't know any spells.
Your spell library was empty.

Dungeon Overview and Level Annotations

Branches:
Dungeon (4/15)
 Temple: D:4-7

Altars:


Innate Abilities, Weirdness & Mutations

You have a pair of horns on your head.
You reflexively headbutt those who attack you in melee.


Message History

You hit the worm.
The worm is moderately wounded.
You block the worm's attack.
You hit the worm.
The worm is moderately wounded.
The worm barely misses you. You furiously retaliate!
You headbutt the worm! The worm bites you!
Found a stone staircase leading up.
The worm barely misses you. You furiously retaliate!
You headbutt the worm!
You kill the worm!
There is a stone staircase leading down here.
You climb downwards.
There is a stone staircase leading up here.
A scorpion comes into view.
You block the scorpion's attack.
You hit the scorpion. You headbutt the scorpion.
The scorpion is lightly wounded.
The scorpion stings you but does no damage.
You hit the scorpion.
The scorpion is moderately wounded.
The scorpion stings you. You block the scorpion's attack.
Your chain mail prevents you from hitting the scorpion.
Your headbutt misses the scorpion.
The scorpion is moderately wounded.
The scorpion stings you. You block the scorpion's attack.
You hit the scorpion. You headbutt the scorpion.
The scorpion is heavily wounded.
The scorpion stings you. You block the scorpion's attack.
The scorpion stings you.
You are lethally poisoned!
The scorpion poisons you!
You hit the scorpion but do no damage.
The scorpion is heavily wounded.
You feel very sick. The scorpion stings you!
* * * LOW HITPOINT WARNING * * *
You hit the scorpion but do no damage. Your headbutt misses the scorpion.
The scorpion is heavily wounded.
You die...

#.# #.# #.#
#.# #.#
######## #.#
...<...#
#.####
####.#.#
#..s@# ...#.#
####.#
#####.# #.#
#.# #.#
#.#########.#
#...........#
#############


You could see a scorpion.

Vanquished Creatures
  A worm (D:3)
  A dart slug (D:1)
  6 ball pythons
  An endoplasm (D:1)
  A giant cockroach (D:1)
  A goblin (D:2)
  A kobold (D:1)
  A frilled lizard (D:1)
  4 rats
17 creatures vanquished.

Vanquished Creatures (others)
  31 plants (D:1)
31 creatures vanquished.

Grand Total: 48 creatures vanquished

Notes
Turn   | Place    | Note
-------+----------+-------------------------------------------
     0 | D:1      | SeanNever the Minotaur Fighter began the quest for the Orb.
     0 | D:1      | Reached XP level 1. HP: 19/19 MP: 0/0
   141 | D:1      | Reached XP level 2. HP: 25/27 MP: 1/1
   491 | D:4      | Noticed a scorpion
   501 | D:4      | Succumbed to a scorpion's poison

Illustrated notes

Levels and vault maps discovered:
D:1:      roderic_crop_circles_arrival_small, layout_loops_ring, serial_shops,
          nicolae_lakefront_shop, nicolae_shop_waterfront,
          nicolae_shop_overgrown_old_shop
D:2:      layout_basic, hangedman_abyss_or_decor_stabs, minmay_diced_spiral
D:3:      layout_basic, cheibrodos_ashenzari_chains,
          mainiacjoe_overflow_two_lobes, serial_shops, shop,
          basic_ecumenical_altar, hex_large
D:4:      layout_basic, elyvilon_altar_3, minmay_temple_entry_statues_fountains,
          kennysheep_generic_room_16

Skill      XL: |  1  2 |
---------------+-------+-----
Fighting       | 4 |  4.0
Shields        | 4 |  4.1
Short Blades   | |  2.3
Armour         | |  3.9
Dodging        | |  0.2

Action                   || total
-------------------------++-------
Melee: Rapier            ||    66
       Headbutt          ||    12
Armor: Scale mail        ||    11
       Chain mail        ||    25
Dodge: Dodged            ||    18
Block: Kite shield       ||    32

Table legend: (Time is in decaauts)
 A = Elapsed time spent in this place.
 B = Non-inter-level travel time spent in this place.
 C = Inter-level travel time spent in this place.
 D = Time resting spent in this place.
 E = Time spent auto-exploring this place.
 F = Levels seen in this place.
 G = Mean time per level.
                   A        B        C        D        E       F      G
               +--------+--------+--------+--------+--------+-----+--------+
         Total |    521 |    506 |     15 |      0 |      0 |   4 |  130.2 |
       Dungeon |    521 |    506 |     15 |      0 |      0 |   4 |  130.2 |
               +--------+--------+--------+--------+--------+-----+--------+

Top non-repeatable levels by time:
     D:1: 412 daAuts
     D:2: 55 daAuts
     D:4: 37 daAuts
     D:3: 16 daAuts
